 Dungeon Crawl Stone Soup version 0.27-a0-668-gb5737ff2c0 (webtiles) character file.

Game seed: 12349322247312180151

539 rageheart7 the Insei (level 7, -4/52 HPs)
             Began as a Gnoll Transmuter on Mar 17, 2021.
             Slain by Grinder (5 damage)
             ... on level 4 of the Dungeon.
             The game lasted 00:09:15 (4533 turns).

rageheart7 the Insei (Gnoll Transmuter)             Turns: 4533, Time: 00:09:17

Health: -4/52      AC:  4    Str: 11    XL:     7   Next: 26%
Magic:  15/15      EV: 14    Int: 22    God:
Gold:   169        SH:  0    Dex: 13    Spells: 6/17 levels left

rFire    + . .     SeeInvis .     - Unarmed
rCold    . . .     Faith    .   (no shield)
rNeg     . . .     Spirit   .   p - +1 robe of Warom {Int+4}
rPois    .         Reflect  .   (helmet currently unavailable)
rElec    .         Harm     .   d - +0 cloak
rCorr    .         Rampage  .   (no gloves)
Will     .....                  (boots currently unavailable)
Stlth    ++........             b - amulet of the Middle {Acrobat rF+}
HPRegen  0.17/turn              j - +6 ring of intelligence
MPRegen  0.14/turn              (no ring)

@: appendages (expiring), hasted, very quick
A: horns 2, talons 2, fangs 1, strong nose, distributed training
a: End Transformation


You were on level 4 of the Dungeon.
You had temporarily grown beastly horns and talons.
You visited 2 branches of the dungeon, and saw 5 of its levels.

You collected 169 gold pieces.

Inventory:

Armour
 d - a +0 cloak (worn)
 i - a +0 helmet (melded)
 l - a +1 pair of boots of flying (melded)
 p - the +1 robe of Warom (worn) {Int+4}
   (You found it on level 4 of the Dungeon)

   It affects your intelligence (+4).
Jewellery
 b - the amulet of the Middle (around neck) {Acrobat rF+}
   (You acquired it on level 3 of the Dungeon)

   [amulet of the acrobat]

   It helps you evade while moving and waiting.
   It protects you from fire.
 e - an amulet of faith
 j - a +6 ring of intelligence (right hand)
Scrolls
 c - a scroll of summoning {unknown}
 f - a scroll of fog {unknown}
 g - 2 scrolls of teleportation {unknown}
 k - a scroll of noise {unknown}
 m - a scroll of magic mapping {unknown}
 n - 3 scrolls of identify {unknown}
 q - a scroll of acquirement
 r - a scroll of amnesia {unknown}
Potions
 o - a potion of invisibility {unknown}


   Skills:
 + Level 3.5 Fighting
 + Level 2.3 Short Blades
 + Level 2.3 Long Blades
 + Level 2.3 Axes
 + Level 2.3 Maces & Flails
 + Level 2.3 Polearms
 + Level 2.3 Staves
 + Level 2.3 Slings
 + Level 2.3 Bows
 + Level 2.3 Crossbows
 + Level 2.3 Throwing
 + Level 2.3 Armour
 + Level 5.2 Dodging
 + Level 2.3 Stealth
 + Level 2.3 Shields
 + Level 7.0 Unarmed Combat
 + Level 5.5 Spellcasting
 + Level 1.9 Conjurations
 + Level 1.9 Hexes
 + Level 1.9 Summonings
 + Level 1.9 Necromancy
 + Level 1.9 Translocations
 + Level 4.3 Transmutations
 + Level 1.9 Fire Magic
 + Level 1.9 Ice Magic
 + Level 1.9 Air Magic
 + Level 1.9 Earth Magic
 + Level 1.9 Poison Magic
 + Level 2.6 Invocations
 + Level 2.3 Evocations


You had 6 spell levels left.
You knew the following spells:

 Your Spells              Type           Power      Damage    Failure   Level
a - Beastly Appendage     Tmut           50%        N/A       1%          1
b - Spider Form           Tmut/Pois      9%         N/A       8%          3
c - Blade Hands           Tmut           12%        N/A       41%         5
d - Wereblood             Tmut           25%        N/A       2%          2

Your spell library contained the following spells:

 Spells                   Type           Power      Damage    Failure   Level
 Stone Arrow              Conj/Erth      28%        3d8       13%         3
 Ice Form                 Ice/Tmut       19%        N/A       26%         4
 Petrify                  Tmut/Erth      19%        N/A       26%         4


Dungeon Overview and Level Annotations

Branches:
Dungeon (4/15)             Temple (1/1) D:4

Altars:
Ashenzari
Dithmenos
Fedhas
Gozag
Hepliaklqana
Kikubaaqudgha
Makhleb
Okawaru
Qazlal
Ru
Sif Muna
Trog
Yredelemnul
Zin
The Shining One

Shops:
D:3 ?

Annotations:
D:4 Grinder


Innate Abilities, Weirdness & Mutations

You have temporarily grown beastly horns and talons.
You have very sharp teeth.
Your uncanny sense of smell can sniff out nearby items.
Your experience applies equally to all skills.


Message History

The iguana bites you.
You closely miss the iguana. Your kick misses the iguana.
Your punch misses the iguana. Your bite misses the iguana.
The iguana is heavily wounded.
The iguana misses you.
You barely miss the iguana.
The iguana is heavily wounded.
Grinder says, "Just stop there for a second..."
Grinder gestures at you.
You struggle to resist.
The iguana closely misses you.
You hit the iguana. You bite the iguana, but do no damage.
The iguana is severely wounded.
Grinder misses you. The iguana bites you!
* * * LOW HITPOINT WARNING * * *
You hit the iguana. Your headbutt misses the iguana.
The iguana is almost dead.
Grinder gestures at you.
You struggle to resist.
You hit the iguana. You headbutt the iguana.
You kill the iguana!
It was a potion of haste.
You feel yourself speed up. Grinder misses you.
You punch Grinder!
Grinder is severely wounded.
Grinder blinks!
It was a potion of curing.
You feel better.
You hit Grinder but do no damage.
Grinder is severely wounded.
Your transformation is almost over.
Grinder gestures at you. Pain shoots through your body!
* * * LOW HITPOINT WARNING * * *
You punch Grinder! You headbutt Grinder, but do no damage.
Grinder is almost dead.
You hit Grinder but do no damage. Your kick misses Grinder.
Grinder is almost dead.
Grinder says, "FISH!"
Grinder hits you!
* * * LOW HITPOINT WARNING * * *
You writhe in agony.
You die...

..'.'>#.+.## #...#
##..####......
..#.###.##
###.###.....##......
..#.....#
#.....#.####.....†
..###+###
#######.##........
......#
####...........
.....##
#....<.........
######
###.###..........
#####.†.##......#....
#..5@......###.######
.........####.###.#
....#####.........#
### #.........###
#...........#
#........##.##
#........##..#
###........###.#
#..........# #.#


You could see Grinder.

Vanquished Creatures
  Sigmund (D:2)
  An ogre (D:3)
  A scorpion (D:3)
  An iguana (D:4)
  Robin (D:2)
  7 gnolls (D:3)
  3 adders
  An ooze (D:4)
  An adder skeleton (D:4)
  2 worms
  3 dart slugs
  2 leopard geckos (D:3)
  4 orcs
  2 ball pythons
  4 giant cockroaches
  15 goblins
  11 hobgoblins
  2 jackals (D:3)
  6 kobolds
  A quokka (D:1)
  10 bats
  8 frilled lizards
  6 rats
93 creatures vanquished.

Notes
Turn   | Place    | Note
-------+----------+-------------------------------------------
     0 | D:1      | rageheart7 the Gnoll Transmuter began the quest for the
                  | Orb.
     0 | D:1      | Reached XP level 1. HP: 17/17 MP: 6/6
   568 | D:1      | You fall into a shaft and drop 1 floor!
   598 | D:2      | Reached XP level 2. HP: 15/23 MP: 5/7
  1345 | D:1      | Reached XP level 3. HP: 23/28 MP: 7/9
  1439 | D:1      | Reached skill level 5 in Spellcasting
  1815 | D:2      | Noticed Sigmund
  1825 | D:2      | Reached skill level 1 in Invocations
  1887 | D:2      | Killed Sigmund
  1888 | D:2      | Reached skill level 1 in Short Blades
  1888 | D:2      | Reached skill level 1 in Long Blades
  1888 | D:2      | Reached skill level 1 in Axes
  1888 | D:2      | Reached skill level 1 in Maces & Flails
  1888 | D:2      | Reached skill level 1 in Polearms
  1888 | D:2      | Reached skill level 1 in Staves
  1888 | D:2      | Reached skill level 1 in Slings
  1888 | D:2      | Reached skill level 1 in Bows
  1888 | D:2      | Reached skill level 1 in Crossbows
  1888 | D:2      | Reached skill level 1 in Throwing
  1888 | D:2      | Reached skill level 1 in Armour
  1888 | D:2      | Reached skill level 1 in Stealth
  1888 | D:2      | Reached skill level 1 in Shields
  1888 | D:2      | Reached skill level 1 in Conjurations
  1888 | D:2      | Reached skill level 1 in Hexes
  1888 | D:2      | Reached skill level 1 in Summonings
  1888 | D:2      | Reached skill level 1 in Necromancy
  1888 | D:2      | Reached skill level 1 in Translocations
  1888 | D:2      | Reached skill level 1 in Fire Magic
  1888 | D:2      | Reached skill level 1 in Ice Magic
  1888 | D:2      | Reached skill level 1 in Air Magic
  1888 | D:2      | Reached skill level 1 in Earth Magic
  1888 | D:2      | Reached skill level 1 in Poison Magic
  1888 | D:2      | Reached skill level 1 in Evocations
  1888 | D:2      | Reached XP level 4. HP: 24/35 MP: 11/11
  1888 | D:2      | Reached XP level 5. HP: 28/41 MP: 12/12
  2367 | D:2      | Noticed Robin
  2383 | D:2      | Killed Robin
  2384 | D:2      | Reached XP level 6. HP: 26/47 MP: 13/13
  2646 | D:3      | Identified 3 scrolls of acquirement
  2646 | D:3      | Acquired a +1 pair of boots of flying
  2819 | D:3      | Learned a level 3 spell: Spider Form
  2825 | D:3      | Learned a level 5 spell: Blade Hands
  2828 | D:3      | Learned a level 2 spell: Wereblood
  2979 | D:3      | Reached skill level 5 in Dodging
  3094 | D:3      | Found a shadowy altar of Dithmenos.
  3544 | D:3      | Reached XP level 7. HP: 52/52 MP: 15/15
  3554 | D:3      | Found Ennet's Magic Scroll Shop.
  3689 | D:3      | Reached skill level 7 in Unarmed Combat
  3859 | D:3      | Acquired Aqicaise's Tome of Earthen Changing
  3861 | D:3      | Acquired the amulet of the Middle {Acrobat rF+}
  4035 | D:4      | Found a staircase to the Ecumenical Temple.
  4051 | D:4      | Identified the +1 robe of Warom {Int+4}
  4171 | Temple   | Entered the Ecumenical Temple
  4504 | D:4      | Noticed Grinder
  4533 | D:4      | HP: 1/52 [Grinder (8)]
  4533 | D:4      | Slain by Grinder

Illustrated notes

Levels and vault maps discovered:
D:1:      dpeg_arrival_three_smaller_balls, layout_basic,
          minmay_misc_feat_more_columns
D:2:      layout_basic, minivault_26, small_statue_intersection,
          minmay_door_square, kennysheep_generic_room_10, uniq_sigmund,
          uniq_robin
D:3:      layout_basic, overflow_temple_1_default, serial_shops, shop
D:4:      layout_rooms, minmay_temple_entry_glassed_door,
          hangedman_feature_mirror, uniq_grinder
Temple:   eino_narrow_crystal_temple

Skill      XL: |  1  2  3  4  5  6  7 |
---------------+----------------------+-----
Spellcasting   | 5 |  5.5
Invocations    | 1 2 |  2.6
Fighting       | 3 |  3.5
Short Blades   | 1 2 |  2.3
Long Blades    | 1 2 |  2.3
Axes           | 1 2 |  2.3
Maces & Flails | 1 2 |  2.3
Polearms       | 1 2 |  2.3
Staves         | 1 2 |  2.3
Slings         | 1 2 |  2.3
Bows           | 1 2 |  2.3
Crossbows      | 1 2 |  2.3
Throwing       | 1 2 |  2.3
Armour         | 1 2 |  2.3
Stealth        | 1 2 |  2.3
Shields        | 1 2 |  2.3
Conjurations   | 1 |  1.9
Hexes          | 1 |  1.9
Summonings     | 1 |  1.9
Necromancy     | 1 |  1.9
Translocations | 1 |  1.9
Transmutations | 4 |  4.3
Fire Magic     | 1 |  1.9
Ice Magic      | 1 |  1.9
Air Magic      | 1 |  1.9
Earth Magic    | 1 |  1.9
Poison Magic   | 1 |  1.9
Evocations     | 1 2 |  2.3
Dodging        | 5 |  5.2
Unarmed Combat | 7 |  7.0

Action                   |  1- 3 |  4- 6 |  7- 9 || total
-------------------------+-------+-------+-------++-------
Melee: Unarmed           |    59 |   125 |    53 ||   237
       Kick              |     6 |    18 |    10 ||    34
       Headbutt          |     2 |    12 |     4 ||    18
       Punch             |     1 |     5 |     1 ||     7
       Bite              |       |     8 |     7 ||    15
 Cast: Beastly Appendage |    19 |    15 |     8 ||    42
  Use: Potion            |     2 |     1 |     2 ||     5
       Scroll            |       |     1 |     2 ||     3
 Stab: Sleeping          |     1 |     3 |       ||     4
Armor: Robe              |    11 |    19 |     4 ||    34
       Skin              |    35 |     3 |       ||    38
Dodge: Dodged            |    33 |    87 |    36 ||   156

Table legend: (Time is in decaauts)
 A = Elapsed time spent in this place.
 B = Non-inter-level travel time spent in this place.
 C = Inter-level travel time spent in this place.
 D = Time resting spent in this place.
 E = Time spent auto-exploring this place.
 F = Levels seen in this place.
 G = Mean time per level.
                   A        B        C        D        E       F      G
               +--------+--------+--------+--------+--------+-----+--------+
         Total |   4495 |   4436 |     59 |    591 |   3148 |   5 |  899.0 |
       Dungeon |   4294 |   4248 |     46 |    591 |   2962 |   4 | 1073.5 |
        Temple |    200 |    187 |     13 |      0 |    186 |   1 |  200.0 |
               +--------+--------+--------+--------+--------+-----+--------+

Top non-repeatable levels by time:
     D:1: 1377 daAuts
     D:3: 1300 daAuts
     D:2: 1250 daAuts
     D:4: 366 daAuts
  Temple: 200 daAuts
